 Dungeon Crawl Stone Soup version 0.24-a0-217-g1152973 (console) character file.

Game seed: 8522524466533967440

164 bli the Digger (level 5, -2/38 HPs)
             Began as a Formicid Earth Elementalist on Mar 29, 2019.
             Killed by divine providence
             ... invoked by an orc priest
              (15 damage)
             ... on level 4 of the Dungeon.
             The game lasted 00:10:38 (2717 turns).

bli the Digger (Formicid Earth Elementalist)        Turns: 2717, Time: 00:10:38

Health: -2/38      AC:  6    Str: 12    XL:     5   Next: 73%
Magic:  19/19      EV: 11    Int: 15    God:
Gold:   128        SH:  0    Dex: 12    Spells: 5/11 levels left

rFire    . . .     SeeInvis +   n - +0 trident (venom)
rCold    . . .     Gourm    .   (no shield)
rNeg     . . .     Faith    .   e - +0 ring mail
rPois    .         Spirit   .   (helmet unavailable)
rElec    .         Reflect  .   (no cloak)
rCorr    .         Harm     .   (no gloves)
MR       .....                  u - +0 pair of boots
Stlth    +.........             (no amulet)
HPRegen  0.12/turn              o - ring of magical power
MPRegen  0.16/turn              (no ring)

@: no status effects
A: permanent stasis, dig shafts and tunnels, four strong arms, antennae 3
a: Dig, Shaft Self


You were on level 4 of the Dungeon.
You were not hungry.

You visited 1 branch of the dungeon, and saw 4 of its levels.

You collected 128 gold pieces.

Inventory:

Hand Weapons
 a - a +2 dagger of venom
 k - a +0 hunting sling
 m - a +1 dagger of speed
 n - a +0 trident of venom (weapon)
 r - a +0 long sword
 x - a +0 war axe
Missiles
 b - 43 stones (quivered)
 l - 2 tomahawks
 y - 16 sling bullets
Armour
 c - a +0 robe
 e - a +0 ring mail (worn)
 f - a +0 leather armour
 h - a +1 chain mail of poison resistance
 u - a +0 pair of boots (worn)
 v - a +0 chain mail
 w - a +0 plate armour
Jewellery
 o - a ring of magical power (left hand)
Scrolls
 g - 8 scrolls of identify {unknown}
 i - 2 scrolls of enchant weapon {unknown}
 q - 2 scrolls of remove curse {unknown}
Potions
 j - 2 potions of haste {unknown}
 p - a potion of invisibility {unknown}
 s - a potion of flight {unknown}
 t - a potion of curing {unknown}
Comestibles
 d - 10 rations


   Skills:
 * Level 2.1 Fighting
 + Level 3.0 Armour
 + Level 1.9 Dodging
 - Level 2.4 Stealth
 + Level 3.5 Spellcasting
   Level 1.1 Transmutations
 * Level 4.2 Earth Magic


You had 5 spell levels left.
You knew the following spells:

 Your Spells              Type           Power        Failure   Level  Hunger
b - Sandblast             Erth           ###...       7%          1    None
d - Lee's Rapid Deconstr  Erth           ###.......   88%         5    ######.

Your spell library contained the following spells:

 Spells                   Type           Power        Failure   Level  Hunger
 Passwall                 Tmut/Erth      ##......     21%         2    ##.....
 Stone Arrow              Conj/Erth      #.....       45%         3    ###....
 Petrify                  Tmut/Erth      ##......     80%         4    ####...


Dungeon Overview and Level Annotations

Branches:
Dungeon (4/15)
 Temple: D:4-7

Altars:
Makhleb
Xom
The Shining One


Innate Abilities, Weirdness & Mutations

You cannot be hasted, slowed, berserked, paralysed or teleported.
You can dig through walls and to a lower floor.
Your four strong arms can wield two-handed weapons with a shield.
You have a pair of large antennae on your head. (SInv)


Message History

The centaur shoots an arrow.
The arrow misses you.
The centaur shoots an arrow.
The arrow barely misses you.
You hear a shout!
You hear a shout!
An orc priest comes into view. It is wielding a -3 club.
The centaur shoots an arrow.
The arrow hits you!
You see here 2 arrows.
Attack whom?
Press: ? - help, Dir - move target cursor, f - centaur
Aim: a centaur, wielding a +0 shortbow You reach to attack!
You barely miss the centaur.
The centaur shoots an arrow.
The arrow barely misses you.
The centaur shoots an arrow.
The arrow hits you!
You hear a shout!
The centaur unwields a +0 shortbow.
The centaur closely misses you.
You barely miss the centaur.
The centaur hits you but does no damage.
The orc barely misses you. The centaur hits you. The orc barely misses you.
You hit the centaur but do no damage.
The centaur is poisoned.
The centaur barely misses you.
The orc priest mumbles some strange prayers to Beogh against you.
Beogh smites you!
You die...

.... ... ...## #{{{{
...# .# #..# .{
#..#{####.
#.o#{..... ########.
#(...c.# ###........
#.c#####.#<#........
#.o@(....#.#........
#.######.#.#..^.....
#.# #.#..........
#.# #............
#.# ######........
#.# #.............
#.# ##.############
###.# #.......#
#...# #.......#
#...# #.......#
#...# #.......#


You could see a centaur, an orc priest and an orc.

Vanquished Creatures
  An orc priest (D:3)
  A hound skeleton (D:4)
  4 adders
  A worm (D:2)
  2 dart slugs (D:3)
  5 leopard geckos
  3 orcs (D:3)
  4 giant cockroaches
  8 goblins
  11 hobgoblins
  8 kobolds
  2 quokkas
  A ball python (D:3)
  9 bats
  2 frilled lizards
  10 rats
72 creatures vanquished.

Notes
Turn   | Place    | Note
-------+----------+-------------------------------------------
     0 | D:1      | bli the Formicid Earth Elementalist began the quest for the
                  | Orb.
     0 | D:1      | Reached XP level 1. HP: 13/13 MP: 3/3
   313 | D:1      | Reached XP level 2. HP: 18/20 MP: 1/5
   535 | D:1      | Reached skill level 4 in Earth Magic
   716 | D:1      | Reached skill level 1 in Armour
   739 | D:1      | Reached skill level 1 in Fighting
   739 | D:1      | Reached XP level 3. HP: 26/26 MP: 6/6
  1425 | D:2      | Reached XP level 4. HP: 32/32 MP: 3/8
  1780 | D:2      | Found a burning altar of Makhleb.
  1781 | D:2      | Found a shimmering altar of Xom.
  2090 | D:3      | Found a glowing golden altar of the Shining One.
  2183 | D:3      | Reached XP level 5. HP: 36/38 MP: 9/9
  2231 | D:3      | Learned a level 5 spell: Lee's Rapid Deconstruction
  2709 | D:4      | Noticed a centaur
  2717 | D:4      | Killed from afar by an orc priest

Levels and vault maps discovered:
D:1:      matt_arrival_los_fun, layout_basic
D:2:      layout_loops_ring, gammafunk_temple_overflow_pools, first_ration,
          serial_bayou_lagoon_a, kennysheep_boxes
D:3:      layout_basic, lemuel_coloured_pillars_altar
D:4:      minmay_evil_eye, layout_basic, nicolae_qazlal_general_emergency,
          uniq_crazy_yiuf_cottage

Skill      XL: |  1  2  3  4  5 |
---------------+----------------+-----
Earth Magic    | 4 |  4.2
Armour         | 1 2 3 |  3.0
Fighting       | 1 2 |  2.1
Spellcasting   | 3 |  3.5
Dodging        | |  1.9
Stealth        | |  2.4
Transmutations | |  1.1

Action                   |  1- 3 |  4- 6 || total
-------------------------+-------+-------++-------
Melee: Unarmed           |    10 |       ||    10
       Dagger            |    34 |       ||    34
       Trident           |     9 |   100 ||   109
 Cast: Sandblast         |    23 |    11 ||    34
 Abil: Dig               |     1 |     1 ||     2
 Stab: Sleeping          |     4 |     6 ||    10
  Eat: Chunk             |     2 |     4 ||     6
Armor: Leather armour    |    17 |    23 ||    40
       Ring mail         |       |     6 ||     6
Dodge: Dodged            |    40 |    66 ||   106

Table legend:
 A = Non-vault XP
 B = Vault XP
 C = Vault XP percentage of total XP
 D = Non-vault monster count
 E = Vault monster count
 F = Vault count percentage of total count
                 A         B        C        D         E       F
            +---------+---------+-------+---------+---------+-------
      Total |     235 |       0 |   0.0 |      72 |       0 |   0.0
            +---------+---------+-------+---------+---------+-------
        D:1 |      43 |       0 |   0.0 |      24 |       0 |   0.0
        D:2 |      81 |       0 |   0.0 |      27 |       0 |   0.0
        D:3 |      93 |       0 |   0.0 |      20 |       0 |   0.0
        D:4 |      18 |       0 |   0.0 |       1 |       0 |   0.0
            +---------+---------+-------+---------+---------+-------
